Map: King Sejong Station LE

Players

Fropez

  • Race: Protoss Protoss
  • League: Gold
  • Spawn Location: 5:00

BrianorEC - Winner!

  • Race: Terran Terran
  • League: Gold
  • Spawn Location: 11:00

VOD

Have the link to the VOD?

Description

Time

  • Played on: Aug. 31, 2016, 5:03 p.m.
  • Length: 10:53
Show
View Real Time Build Order
Export as new Build Order

Fropez Protoss 

Build Orders: 1 Gate Expand, Oracle Opening 

Get SALT Encoding   

  12  0:01  Probe (Chrono Boost)  
  13  0:17  Probe (Chrono Boost)  
  13  0:18  Pylon  
  14  0:24  Pylon  
  14  0:27  Probe (Chrono Boost)  
  15  0:42  Probe (Chrono Boost)  
  16  0:44  Gateway  
  16  0:53  Probe (Chrono Boost)  
  17  1:16  Nexus  
  17  1:17  Probe (Chrono Boost)  
  18  1:28  Probe (Chrono Boost)  
  19  1:34  Cybernetics Core  
  19  1:38  Probe (Chrono Boost)  
  20  1:42  Assimilator  
  20  1:47  Assimilator  
  20  1:49  Probe (Chrono Boost)  
  21  1:57  Pylon  
  21  1:59  Probe (Chrono Boost)  
  22  2:10  Probe (Chrono Boost)  
  22  2:15  Adept  
  25  2:20  Probe (Chrono Boost)  
  26  2:29  Probe (Chrono Boost)  
  27  2:31  Probe (Chrono Boost)  
  27  2:33  Warp Gate (Chrono Boost)  
  27  2:35  Pylon  
  28  2:38  Probe  
  28  2:42  Adept  
  28  2:43  Probe  
  32  2:49  Probe  
  33  2:58  Stargate  
  33  2:59  Probe  
  33  3:02  Probe  
  35  3:09  Pylon  
  35  3:13  Adept  
  37  3:23  Gateway  
  37  3:25  Gateway  
  37  3:27  Probe x2  
  39  3:39  Probe  
  40  3:49  Probe  
  40  3:51  Oracle (Chrono Boost)  
  44  3:57  Probe  
  43  4:05  Probe  
  43  4:09  Probe  
  45  4:17  Probe  
  45  4:23  Gateway, Oracle (Chrono Boost)  
  49  4:28  Twilight Council, Gateway  
  49  4:39  Probe  
  49  4:40  Probe  
  51  5:00  Nexus, Oracle (Chrono Boost)  
  51  5:01  Probe x2  
  56  5:08  Pylon  
  56  5:10  Pylon, Resonating Glaives (Chrono Boost)  
  56  5:20  Probe x2  
  58  5:21  Assimilator  
  58  5:25  Assimilator  
  58  5:27  Gateway  
  58  5:29  Pylon  
  58  5:32  Probe  
  59  5:41  Probe  
  60  5:43  Adept x3  
  60  5:44  Adept x2, Probe  
  71  5:51  Pylon  
  71  6:01  Gateway  
  71  6:06  Gateway  
  71  6:11  Pylon, Probe  
  71  6:12  Probe  
  71  6:14  Gateway  
  71  6:16  Assimilator  
  73  6:23  Assimilator  
  73  6:24  Pylon  
  73  6:27  Pylon  
  73  6:34  Pylon  
  73  6:50  Adept x6  
  85  6:55  Probe  
  85  6:57  Probe  
  85  7:32  Adept x6  
  78  7:55  Adept x4  
  78  7:56  Adept x3  
  78  8:16  Adept  
  78  8:17  Adept x4  
  78  8:18  Adept  
  71  8:30  Mothership Core  
  51  8:43  Adept x6  
  35  9:29  Stalker x3  
  35  10:03  Adept x2  
  35  10:04  Adept x2  
  38  10:15  Pylon  
  32  10:34  Adept x3  
Show
View Real Time Build Order
Export as new Build Order

BrianorEC Terran - Winner!

Build Orders: MMM Bio 

Get SALT Encoding   

  12  0:01  SCV  
  13  0:17  SCV, Supply Depot  
  14  0:29  SCV  
  14  0:35  Supply Depot  
  15  0:41  SCV  
  16  0:48  Barracks  
  16  0:55  SCV  
  17  1:05  Barracks  
  17  1:09  SCV  
  18  1:17  Refinery  
  18  1:21  SCV  
  19  1:30  Barracks  
  19  1:43  Orbital Command  
  19  1:50  Refinery  
  19  1:57  Marine  
  19  1:58  Marine  
  21  2:17  Factory  
  21  2:19  Marine x2  
  23  2:26  SCV  
  24  2:33  Supply Depot  
  24  2:39  Barracks Tech Lab  
  24  2:41  SCV  
  25  2:45  Marine  
  25  2:48  Marine  
  27  2:54  SCV  
  27  2:57  Marine  
  29  3:00  Factory Tech Lab  
  29  3:03  Marine  
  30  3:11  Starport  
  30  3:13  SCV  
  30  3:18  Supply Depot  
  31  3:27  Siege Tank  
  31  3:31  Barracks Tech Lab  
  34  3:38  Marine  
  34  3:39  Barracks Reactor  
  34  4:09  Command Center  
  34  4:16  Marine x2  
  36  4:23  Medivac  
  38  4:28  Stimpack  
  38  4:32  SCV  
  38  4:36  Siege Tank  
  42  4:40  Marine  
  42  4:42  Marine  
  40  5:03  SCV  
  40  5:04  Medivac  
  40  5:05  Marine x2  
  45  5:22  Siege Tank  
  45  5:26  SCV  
  49  5:32  Orbital Command  
  49  5:36  Starport Reactor  
  49  5:48  Refinery  
  49  5:51  Marine  
  49  5:52  Marine, Marauder  
  53  5:57  Combat Shields  
  53  5:59  Marauder  
  53  6:03  SCV  
  56  6:11  Supply Depot  
  56  6:12  SCV  
  56  6:14  Marine  
  56  6:15  SCV  
  56  6:17  Medivac  
  61  6:26  Supply Depot  
  61  6:27  SCV  
  61  6:32  Marine  
  62  6:33  Marauder  
  62  6:47  Medivac  
  64  7:01  SCV x2  
  66  7:05  Marine x2, Marauder  
  66  7:06  Marauder  
  71  7:20  Engineering Bay  
  64  7:23  Marine x2  
  42  8:39  Marine x3  
  42  8:40  Marauder  
  45  8:57  Marine x2  
  45  8:58  Marauder  
  45  9:01  Marauder  
  50  9:15  Marine x2  
  52  9:19  Marauder  
  52  9:22  Marauder  
  53  9:32  Marine  
  53  9:33  Marine  
  55  9:40  Marauder  
  55  9:44  Marauder  
  58  9:50  Marine x2  
  50  10:01  Marine  
  50  10:05  Marauder  
  53  10:08  Marine x2  
  54  10:14  Siege Tank  
  54  10:20  Marauder  
  57  10:26  Marine x2  
  57  10:27  Marauder  
Tags
 
Add a new tag
Caveats
  • Supply blocks, unpowered buildings, or Contaminate may cause inaccurate times.
  • Supply counts are checked every 10 seconds.